 Dungeon Crawl Stone Soup version 0.30-a0-1018-g25214051b3 (webtiles) character file.

Game seed: 10560059965119220123

11 DeathPants the Ducker (level 2, 0/22 HPs)
             Began as a Demonspawn Gladiator on Apr 7, 2023.
             Slain by a goblin
             ... wielding a +0 dagger
              (1 damage)
             ... on level 1 of the Dungeon.
             The game lasted 00:00:57 (359 turns).

DeathPants the Ducker (Demonspawn Gladiator)         Turns: 359, Time: 00:00:57

Health: 0/22       AC:  6    Str: 14    XL:     2   Next: 13%
Magic:  2/2        EV: 12    Int:  9    God:
Gold:   44         SH:  0    Dex: 14    Spells: 2/2 levels left

rFire   . . .      SeeInvis .    a - +0 rapier
rCold   . . .      Faith    .    (no shield)
rNeg    . . .      Spirit   .    b - +0 leather armour
rPois   .          Reflect  .    c - +0 helmet
rElec   .          Rampage  .    (no cloak)
rCorr   .                        (no gloves)
Will    .....                    f - +0 pair of boots
Stlth   +                        (no amulet)
HPRegen 0.23/turn                (no ring)
MPRegen 0.08/turn                (no ring)

@: no status effects
A: rugged brown scales 1
a: no special abilities


You were on level 1 of the Dungeon.
You visited 1 branch of the dungeon, and saw 2 of its levels.

You collected 44 gold pieces.

Inventory:

Hand Weapons
 a - a +0 rapier (weapon)
Missiles
 d - 3 throwing nets (quivered)
 e - a javelin
Armour
 b - a +0 leather armour (worn)
 c - a +0 helmet (worn)
 f - a +0 pair of boots (worn)
Scrolls
 g - a scroll of vulnerability {unknown}
 h - a scroll of silence {unknown}
Potions
 i - a potion of resistance {unknown}


   Skills:
 + Level 2.2 Fighting
 - Level 2.6 Short Blades
 - Level 1.7 Throwing
 + Level 0.5 Armour
 + Level 2.9 Dodging
 + Level 0.5 Spellcasting


You had 2 spell levels left.
You didn't know any spells.
Your spell library was empty.

Dungeon Overview and Level Annotations

Branches:
Dungeon (2/15)

Altars:


Innate Abilities, Weirdness & Mutations

You are partially covered in rugged brown scales. (AC +1, +3% HP)


Message History

The dart slug barely misses you. The kobold hits you with a +0 whip.
You barely miss the dart slug.
The dart slug is moderately wounded.
The kobold misses you. The dart slug closely misses you.
You hit the dart slug.
The dart slug is almost dead.
The kobold barely misses you.
You hit the dart slug.
The dart slug is almost dead.
The dart slug launches a dart at you. The slug dart hits you.
The kobold hits you with a +0 whip.
You hit the dart slug.
You kill the dart slug!
The kobold closely misses you. The kobold closely misses you.
You see here a dart slug corpse.
You hit the kobold but do no damage.
A goblin comes into view. It is wielding a +0 dagger.
The kobold hits you with a +0 whip.
You barely miss the kobold. The kobold barely misses you.
You barely miss the kobold. The kobold hits you with a +0 whip.
You hit the kobold.
The kobold is moderately wounded.
The kobold barely misses you.
You barely miss the kobold.
The kobold is moderately wounded.
The kobold misses you.
You hit the kobold.
The kobold is severely wounded.
The kobold hits you with a +0 whip.
* * * LOW HITPOINT WARNING * * *
You closely miss the kobold.
The kobold is severely wounded.
The kobold misses you. The kobold hits you with a +0 whip.
* * * LOW HITPOINT WARNING * * *
The goblin misses you.
You closely miss the kobold.
The kobold is severely wounded.
The kobold hits you but does no damage. The goblin hits you with a +0 dagger.
You die...

#########..
..#.........>
...########. ## ##...#
#.>.... . .##.
.##..###.##### .. ##...
.)#.......####
##.#.##.#.##.####......
##.....##.##....#...###.
......g@.)......#.#####.
...#.##K#.....#.#.......
#.....#.#.#######.
#.##....#.# #.
.........#.#### #.
###.#...#.#....# #.
#.#.....####.# #.
#.#..#######.# #.
...........## #.


You could see a goblin and a kobold.

Vanquished Creatures
  A dart slug (D:1)
  A giant cockroach (D:1)
  3 ball pythons (D:1)
  3 goblins (D:1)
  2 rats (D:1)
10 creatures vanquished.

Notes
Turn   | Place    | Note
-------+----------+-------------------------------------------
     0 | D:1      | DeathPants the Demonspawn Gladiator began the quest for the
                  | Orb.
     0 | D:1      | Reached XP level 1. HP: 16/16 MP: 1/1
   345 | D:1      | Gained mutation: You are partially covered in rugged brown
                  | scales. (AC +1, +3% HP) [demonic ancestry]
   345 | D:1      | Reached XP level 2. HP: 14/22 MP: 2/2
   358 | D:1      | HP: 1/22 [kobold/+0 whip (3)]
   359 | D:1      | Slain by a goblin

Illustrated notes

Levels and vault maps discovered:
D:1:      minmay_arrival_semitransparent, layout_basic, minmay_ruptured
D:2:      minmay_angry_zag, layout_loops_ring, uniq_terence, uniq_sigmund

Action                     || total
---------------------------++-------
  Melee: Rapier            ||    39
 Armour: Leather armour    ||    12
  Dodge: Dodged            ||    38

Table legend: (Time is in decaauts)
 A = Elapsed time spent in this place.
 B = Non-inter-level travel time spent in this place.
 C = Inter-level travel time spent in this place.
 D = Time resting spent in this place.
 E = Time spent auto-exploring this place.
 F = Levels seen in this place.
 G = Mean time per level.
                   A        B        C        D        E       F      G
               +--------+--------+--------+--------+--------+-----+--------+
         Total |    361 |    361 |      0 |      0 |    238 |   2 |  180.5 |
       Dungeon |    361 |    361 |      0 |      0 |    238 |   2 |  180.5 |
               +--------+--------+--------+--------+--------+-----+--------+

Top non-repeatable levels by time:
     D:1: 358 daAuts
     D:2: 3 daAuts
